 Dungeon Crawl Stone Soup version 0.30-a0-168-g0b976cbdc4 (webtiles) character file.

Game seed: 3987820491176716686

186 qw the Chopper (level 5, -3/32 HPs)
             Began as a Gargoyle Fighter on Sept 29, 2022.
             Slain by a gnoll
             ... wielding a +0 whip
              (6 damage)
             ... on level 3 of the Dungeon.
             The game lasted 00:01:11 (2636 turns).

qw the Chopper (Gargoyle Fighter)                   Turns: 2636, Time: 00:01:11

Health: -3/32      AC: 10    Str: 22    XL:     5   Next: 65%
Magic:  5/5        EV:  9    Int:  8    God:
Gold:   156        SH:  4    Dex:  9    Spells: 4/4 levels left

rFire   . . .      SeeInvis .    Y - +0 war axe
rCold   . . .      Faith    .    c - +0 buckler
rNeg    + . .      Spirit   .    b - +0 scale mail
rPois   inf        Reflect  .    (no helmet)
rElec   +          Harm     .    (no cloak)
rCorr   +          Rampage  .    (no gloves)
Will    .....                    (no boots)
Stlth   ..........               (no amulet)
HPRegen 0.10/turn                j - ring of resist corrosion
MPRegen 0.09/turn                (no ring)

@: about to teleport
A: sickness immunity, AC +4, negative energy resistance 1, electricity
resistance, torment resistance 1, petrification resistance
a: no special abilities


You were on level 3 of the Dungeon.
You visited 1 branch of the dungeon, and saw 3 of its levels.

You collected 192 gold pieces.
You spent 36 gold pieces at shops.


Innate Abilities, Weirdness & Mutations

You are immune to sickness and miasma.
Your stone body is resilient. (AC +4)
You are immune to poison.
You resist negative energy. (rN+)
You are resistant to electric shocks. (rElec)
You are resistant to unholy torment.
You are immune to petrification.


   Skills:
 + Level 3.2 Fighting
 - Level 5.2 Axes
 - Level 3.2 Armour
 - Level 3.2 Shields


You had 4 spell levels left.
You didn't know any spells.
Your spell library was empty.

Inventory:

Hand Weapons
 g - a +0 morningstar
 Y - a +0 war axe (weapon)
Missiles
 n - 3 boomerangs (quivered)
Armour
 b - a +0 scale mail (worn)
 c - a +0 buckler (worn)
 k - a +2 pair of boots
 o - a +1 chain mail of positive energy
Jewellery
 i - a ring of fire
 j - a ring of resist corrosion (left hand)
 m - a ring of resist corrosion
Scrolls
 e - 3 scrolls of teleportation
Potions
 a - 2 potions of lignification
 d - a potion of might
 f - a potion of heal wounds {unknown}
 h - a potion of cancellation {unknown}
 l - a potion of degeneration {unknown}

Dungeon Overview and Level Annotations

Branches:
Dungeon (3/15)

Altars:
Makhleb
The Shining One

Shops:
D:3 !


Message History

A gnoll comes into view. It is wielding a +0 whip.
The orc hits you but does no damage.
The gnoll bouda hits you but does no damage.
A gnoll bouda comes into view. It is wielding a +0 club.
You barely miss the orc.
The orc is almost dead.
You slash the gnoll bouda!
The gnoll hits you from afar with a +0 halberd!
The orc hits you but does no damage.
The gnoll bouda calls upon its god to heal the gnoll.
The gnoll is healed somewhat.
You barely miss the orc.
The orc is almost dead.
You closely miss the gnoll. You hit the gnoll bouda.
The gnoll barely misses you. The gnoll hits you but does no damage.
The orc hits you with a +0 short sword of protection.
The gnoll bouda calls upon its god to heal the gnoll.
The gnoll is healed somewhat.
The gnoll completely misses you.
You hear a shout!
You slash the gnoll bouda!
You kill the gnoll bouda!
You hit the orc.
You kill the orc!
You completely miss the gnoll. You barely miss the gnoll.
You hear a shout! x2
You block the gnoll's attack. x2; The gnoll barely misses you.
The gnoll bouda calls upon its god to heal the gnoll.
The gnoll's wounds heal themselves!
Your Axes skill increases to level 5!
You hit the gnoll bouda.
The gnoll bouda is lightly wounded.
You barely miss the gnoll. You closely miss the gnoll.
The gnoll hits you but does no damage. You block the gnoll bouda's attack.
The gnoll hits you from afar with a +0 halberd!
The gnoll hits you with a +2 whip of venom!
2636 ||| READING 4 scrolls of teleportation.
As you read the scroll of teleportation, it crumbles to dust.
You feel strangely unstable. The gnoll hits you with a +0 whip.
You die...

...)....(........................
~~~%~~~~~~~~~~....~~~~~~~~~~~~~~~
~~~~~~~~~~~~~~....~~~~~~~~~~~~~~~
##~~~~~~~~~~~~....~~~~~~~~~~~~###
g#..........................?.#.o
.#############''''#############..
+# #....# #+# #....# # #..@g# #
#.)gg# # #..gg# # .'....' #
..'....'. # ....#8..8#.. #
############# # +# #+#
.##############################..


You could see 2 gnoll boudas and 3 gnolls.

Vanquished Creatures
  A hound (D:3)
  A gnoll bouda (D:3)
  A gnoll (D:3)
  2 adders (D:2)
  A worm (D:3)
  2 dart slugs (D:2)
  3 orcs (D:3)
  2 endoplasms
  2 giant cockroaches
  9 goblins
  10 hobgoblins
  19 jackals
  6 quokkas
  5 ball pythons
  2 bats
  5 frilled lizards
  3 kobolds (D:1)
  10 rats
84 creatures vanquished.

Vanquished Creatures (others)
  A fungus (D:3)
1 creature vanquished.

Grand Total: 85 creatures vanquished

Notes
Turn   | Place    | Note
-------+----------+-------------------------------------------
     0 | D:1      | qw the Gargoyle Fighter began the quest for the Orb.
     0 | D:1      | Reached XP level 1. HP: 14/14 MP: 1/1
     0 | D:1      | 0 ||| qw: Version: 0.2-a-12-gaebbb33
     0 | D:1      | 0 ||| qw: Game counter: 1247
     0 | D:1      | 0 ||| qw: Always use a shield: true
     0 | D:1      | 0 ||| qw: God list: Okawaru
     0 | D:1      | 0 ||| qw: Allow faded altars: false
     0 | D:1      | 0 ||| qw: Do Orc after D:15 true
     0 | D:1      | 0 ||| qw: Do second Lair branch before Depths: true
     0 | D:1      | 0 ||| qw: Lair rune preference: random
     0 | D:1      | 0 ||| qw: Plans: Normal, Zot:1-4, God:TSO, Crypt, Tomb,
                  | Pan, Slime:5, Hells, Abyss, Orb
     0 | D:1      | 0 ||| PLANNING D:1-11
    30 | D:1      | Found a faded altar of an unknown god.
    37 | D:1      | Reached skill level 2 in Axes
   253 | D:1      | Reached XP level 2. HP: 19/19 MP: 2/2
   390 | D:1      | 390 ||| Stepping ~*~*~tactically~*~*~ (stealth).
   413 | D:1      | 413 ||| Stepping ~*~*~tactically~*~*~ (stealth).
   417 | D:1      | 417 ||| Stepping ~*~*~tactically~*~*~ (stealth).
   464 | D:1      | 464 ||| Stepping ~*~*~tactically~*~*~ (stealth).
   475 | D:1      | 475 ||| Stepping ~*~*~tactically~*~*~ (stealth).
   488 | D:1      | 488 ||| Stepping ~*~*~tactically~*~*~ (stealth).
   496 | D:1      | Reached skill level 3 in Axes
   529 | D:1      | 529 ||| Stepping ~*~*~tactically~*~*~ (stealth).
   530 | D:1      | 530 ||| Stepping ~*~*~tactically~*~*~ (stealth).
   534 | D:1      | 534 ||| Stepping ~*~*~tactically~*~*~ (stealth).
   536 | D:1      | 536 ||| Stepping ~*~*~tactically~*~*~ (stealth).
   538 | D:1      | Reached XP level 3. HP: 23/23 MP: 3/3
   753 | D:1      | 753 ||| DROPPING +0 club.
   829 | D:1      | 829 ||| UPGRADING to ring of resist corrosion.
   830 | D:1      | 830 ||| READING scroll labelled FELU CALEKLO.
   831 | D:1      | 831 ||| READING scroll labelled DIACUR UNIULU.
   832 | D:1      | 832 ||| READING scroll labelled JUEZXA MIDYAST.
   833 | D:1      | 833 ||| DRINKING 2 fuming black potions.
   834 | D:1      | 834 ||| DROPPING potion of brilliance.
   908 | D:2      | You fall into a shaft and drop 1 floor!
   960 | D:3      | Found a glowing golden altar of the Shining One.
   964 | D:3      | Found Wentei's Distillery.
   970 | D:3      | 970 ||| BUYING potion of lignification (36 gold).
   970 | D:3      | Bought a potion of lignification for 36 gold pieces
   970 | D:3      | 970 ||| SHOPLISTING potion of might (48 gold, have 11).
   970 | D:3      | 970 ||| SHOPLISTING potion of mutation (96 gold, have 11).
   978 | D:3      | 978 ||| Stepping ~*~*~tactically~*~*~ (stealth).
  1140 | D:2      | 1140 ||| Stepping ~*~*~tactically~*~*~ (stealth).
  1144 | D:2      | 1144 ||| Stepping ~*~*~tactically~*~*~ (stealth).
  1145 | D:2      | 1145 ||| Stepping ~*~*~tactically~*~*~ (stealth).
  1219 | D:2      | 1219 ||| DROPPING +0 mace.
  1255 | D:2      | Reached XP level 4. HP: 28/28 MP: 4/4
  1374 | D:2      | 1374 ||| Stepping ~*~*~tactically~*~*~ (stealth).
  1391 | D:2      | Reached skill level 4 in Axes
  1449 | D:2      | 1449 ||| Stepping ~*~*~tactically~*~*~ (stealth).
  1655 | D:2      | 1655 ||| Stepping ~*~*~tactically~*~*~ (stealth).
  1805 | D:2      | Found a burning altar of Makhleb.
  1946 | D:2      | 1946 ||| READING 4 scrolls labelled BOXTUI SIQADIO.
  1949 | D:2      | 1949 ||| READING scroll labelled UDUTER WIERAGY.
  1950 | D:2      | 1950 ||| READING scroll labelled NEUDARY JUASCH.
  1951 | D:2      | 1951 ||| READING scroll labelled FESSOA DOMIOZY.
  2057 | D:3      | 2057 ||| Stepping ~*~*~tactically~*~*~ (stealth).
  2335 | D:3      | 2335 ||| Stepping ~*~*~tactically~*~*~ (water).
  2356 | D:3      | Reached XP level 5. HP: 23/32 MP: 5/5
  2635 | D:3      | Reached skill level 5 in Axes
  2635 | D:3      | HP: 3/32 [gnoll/+2 whip of venom (7)]
  2636 | D:3      | 2636 ||| READING 4 scrolls of teleportation.
  2636 | D:3      | Slain by a gnoll

Levels and vault maps discovered:
D:1:      dpeg_arrival_tiny_a, layout_basic, ebering_ecumenical_altar_petrified
D:2:      layout_loops_cross, basic_altar
D:3:      lemuel_castle_with_subvaults [lemuel_castle_interior_carwin_2],
          layout_basic, tso_oasis_becter, serial_shops, shop

Skill      XL: |  1  2  3  4  5 |
---------------+----------------+-----
Axes           | 2 3 4 5 |  5.2
Fighting       | |  3.2
Armour         | |  3.2
Shields        | |  3.2

Action                   |  1- 3 |  4- 6 || total
-------------------------+-------+-------++-------
Melee: War axe           |   106 |   107 ||   213
  Use: Scroll            |     3 |     5 ||     8
       Potion            |     1 |       ||     1
Armor: Scale mail        |    47 |    69 ||   116
Dodge: Dodged            |    35 |    66 ||   101
Block: Buckler           |    14 |    21 ||    35

Table legend:
 A = Non-vault XP
 B = Vault XP
 C = Vault XP percentage of total XP
 D = Non-vault monster count
 E = Vault monster count
 F = Vault count percentage of total count
                 A         B        C        D         E       F
            +---------+---------+-------+---------+---------+-------
      Total |     137 |     129 |  48.5 |      65 |      19 |  22.6
            +---------+---------+-------+---------+---------+-------
        D:1 |      43 |       0 |   0.0 |      29 |       0 |   0.0
        D:2 |      75 |       0 |   0.0 |      27 |       0 |   0.0
        D:3 |      19 |     129 |  87.2 |       9 |      19 |  67.9
            +---------+---------+-------+---------+---------+-------
